 Dungeon Crawl Stone Soup version 0.23.2-30-g0e89c35649 (webtiles) character file.

Game seed: 11721973146134127753

268163 dvd the Severer (level 19, 0/280 HPs)
             Began as a Troll Berserker on June 19, 2019.
             Was the Champion of Trog.
             Killed by vampiric draining
             ... invoked by a deep elf death mage
              (32 damage)
             ... on level 3 of the Elven Halls on June 20, 2019.
             The game lasted 02:00:36 (33362 turns).

dvd the Severer (Troll Berserker)                  Turns: 33362, Time: 02:00:37

Health: 0/280      AC: 26    Str: 35    XL:     19   Next: 37%
Magic:  16/16      EV: 10    Int:  3    God:    Trog [******]
Gold:   1014       SH: 21    Dex: 17    Spells: 18/18 levels left

rFire    + . .     SeeInvis .   a - +9 broad axe (chop)
rCold    + . .     Gourm    +   A - +0 large shield
rNeg     . . .     Faith    .   W - +5 storm dragon scales
rPois    +         Spirit   .   (helmet restricted)
rElec    +         Reflect  .   X - scarf {rC+ rF+}
rCorr    .         Harm     .   (gloves unavailable)
MR       +++..                  (boots unavailable)
Stlth    ..........             (no amulet)
HPRegen  1.96/turn              e - +5 ring of protection
MPRegen  0.15/turn              t - ring of poison resistance

@: berserking, regenerating, heavily drained, very quick
A: large, unfitting armour, claws 3, agile 2, dopey 1, fast metabolism 3,
gourmand, low mp 1, regeneration 1, shaggy fur 1, tough skin 3
}: 2/15 runes: decaying, gossamer
a: Berserk, Trog's Hand, Brothers in Arms, Renounce Religion


You were on level 3 of the Elven Halls.
You worshipped Trog.
Trog was exalted by your worship.
You were full.

You visited 6 branches of the dungeon, and saw 34 of its levels.
You visited the Abyss 1 time.

You collected 3670 gold pieces.
You spent 2656 gold pieces at shops.

Inventory:

Hand Weapons
 a - a +9 broad axe of chopping (weapon)
 k - a +9 trident of holy wrath
 u - a +4 war axe of flaming
 B - a +6 war axe of venom
Missiles
 F - 20 tomahawks of returning
 I - 11 javelins of returning
 J - 3 javelins of penetration
 Q - 4 poisoned javelins
 U - 31 large rocks (quivered)
 Y - 7 silver javelins
Armour
 l - +0 acid dragon scales
 A - a +0 large shield (worn)
 W - +5 storm dragon scales (worn)
 X - a scarf of resistance (worn)
Jewellery
 e - a +5 ring of protection (left claw)
 t - a ring of poison resistance (right claw)
 D - a +5 ring of protection
 S - an uncursed ring of see invisible
Wands
 b - a wand of digging (5)
 m - a wand of flame (19)
 p - a wand of enslavement (11)
 r - a wand of disintegration (19)
 v - a wand of acid (44)
 y - a wand of clouds (6)
 L - a wand of iceblast (35)
 P - a wand of scattershot (12)
 V - a wand of random effects (57)
 Z - a wand of paralysis (13)
Scrolls
 d - 2 scrolls of fear
 g - 3 scrolls of fog
 h - 22 scrolls of identify
 j - 10 scrolls of teleportation
 n - 16 scrolls of remove curse
 q - a scroll of enchant weapon
 w - 7 scrolls of magic mapping
 x - a scroll of silence
 E - 3 scrolls of blinking
Potions
 f - 13 potions of heal wounds
 i - 3 potions of ambrosia
 o - 3 potions of cancellation
 s - 3 potions of brilliance
 z - 6 potions of might
 C - 10 potions of curing
 H - a potion of magic
 K - 3 potions of agility
 M - 2 potions of invisibility
 O - 2 potions of flight
 T - a potion of mutation
Miscellaneous
 G - 3 phantom mirrors
Comestibles
 c - 76 rations


   Skills:
 + Level 11.4(8.7) Fighting
 + Level 15.7(13.5) Axes
   Level 4.1(9.4) Maces & Flails
 + Level 8.5(10.3) Polearms
 + Level 10.1(7.5) Throwing
 + Level 8.2(5.7) Armour
 + Level 9.1(6.6) Dodging
 + Level 3.8(1.7) Stealth
 + Level 14.8(11.9) Shields
 + Level 1.0(0.0) Evocations


You had 18 spell levels left.
You didn't know any spells.
Your spell library was empty.

Dungeon Overview and Level Annotations

Branches:
Dungeon (15/15)            Temple (0/1) D:7            Lair (6/6) D:9
  Swamp (4/4) Lair:3       Spider (4/4) Lair:3        Slime (0/5) Lair:6
    Orc (2/2) D:12            Elf (3/3) Orc:2        Vaults (0/5) D:13
 Depths (0/5) D:15

Altars:
Ashenzari
Dithmenos
Elyvilon
Gozag
Kikubaaqudgha
Nemelex Xobeh
Okawaru
Qazlal
Sif Muna
Uskayaw
Vehumet
Wu Jian
Xom
Yredelemnul
Zin
Beogh
Jiyva

Shops:
Orc:2 *(([   Elf:3 *:

Annotations:
D:12 1 runed translucent door


Innate Abilities, Weirdness & Mutations

You are too large for most types of armour.
You have claws for hands.
Your metabolism is lightning-fast.
You like to eat raw meat.
Your natural rate of healing is unusually fast.
You are covered in fur. (AC +1)
You have extremely tough skin. (AC +3)
You are very agile. (Dex +4)
You are dopey. (Int -2)
Your magical capacity is low. (-10% MP)


Message History

The deep elf annihilator is empowered by the deep elf high priest's aura! x2
The deep elf death mage is empowered by the deep elf high priest's aura!
The deep elf sorcerer is empowered by the deep elf high priest's aura! x2
The deep elf death mage is empowered by the deep elf high priest's aura!
The deep elf sorcerer is empowered by the deep elf high priest's aura!
The deep elf annihilator is empowered by the deep elf high priest's aura!
The deep elf sorcerer is empowered by the deep elf high priest's aura!
The deep elf annihilator mumbles some strange words.
The deep elf annihilator blinks!
You slash the deep elf master archer!
The deep elf master archer is heavily wounded.
You slash the deep elf death mage!
You completely miss the deep elf annihilator.
You barely miss the deep elf death mage.
The deep elf death mage hits you but does no damage.
The deep elf annihilator gestures at you while chanting.
The iron shot hits you!!!
* * * LOW HITPOINT WARNING * * *
The deep elf death mage is infused with unholy energy.
You die...

##### ##.%§##
##e.).|##
##$).)e..##
*#....@eeee##
*#[)..eeeee))#*
#).%:..#..§:.)#
#.././###..|).#
#}(:.#*#...}.[#
##)}#*#.....(##
******
###*#.⌠...)##
*,,,,*
**#......##
*,,,,,
**,.e###..*
*,,,,,


You could see a deep elf master archer, 3 deep elf annihilators, 2 deep elf
death magi, 4 deep elf sorcerers and a deep elf high priest.

Vanquished Creatures
  Bai Suzhen (Elf:3)
  Saint Roka (Orc:2)
  3 tentacled starspawn (Abyss:2)
  A thorn hunter (Swamp:3)
  Donald (Elf:1)
  3 ghost moths
  2 deep elf sorcerers (Elf:2)
  9 emperor scorpions
  A draconian stormcaller (Abyss:2)
  4 entropy weavers
  A deep elf demonologist (Elf:3)
  A deep elf annihilator (Elf:2)
  A spark wasp (Spider:2)
  The ghost of lepoulpe303 the Cleaver, a journeyman HOMo of Beogh (Lair:2)
  2 deep elf death magi (Elf:3)
  Josephine (Spider:1)
  3 deep elf high priests
  6 fire dragons
  A ghost crab (Swamp:2)
  A vault guard (D:13)
  3 catoblepae
  31 hydras
  2 centaur warriors
  Erica (D:8)
  7 two-headed ogres
  22 dancing weapons
  12 alligators
  An ogre mage (D:15)
  A deep troll shaman (Lair:6)
  5 death yaks
  A tengu warrior (D:14)
  Urug (Lair:6)
  A queen ant (Spider:3)
  Nergalle (D:12)
  3 orc high priests
  20 deep elf knights
  Sonja (Lair:4)
  A spatial maelstrom (Abyss:2)
  3 unseen horrors
  11 swamp dragons
  A spriggan druid (Swamp:4)
  5 large abominations (Abyss:2)
  A deep troll (shapeshifter) (Elf:3)
  3 lindwurms
  2 orc knights
  18 deep elf archers
  5 orc sorcerers
  3 manticores
  63 deep elf magi
  An oklob plant (Lair:5)
  5 ugly things
  12 orb spiders
  A stone giant zombie (Abyss:2)
  4 moths of wrath
  22 wolf spiders
  A worldbinder (Abyss:2)
  4 cyclopes
  2 black mambas (Lair:1)
  6 elephants
  8 spiny frogs
  An apocalypse crab (Abyss:2)
  Psyche (D:11)
  A smoke demon (Abyss:2)
  2 gargoyles (D:10)
  12 demonic crawlers
  16 rime drakes (Lair:6)
  10 komodo dragons
  An efreet (Abyss:2)
  A tormentor (Abyss:2)
  A kobold demonologist (D:13)
  A redback zombie (D:15)
  A hellwing (Abyss:2)
  4 tengu conjurers
  2 ancient zymes (Abyss:2)
  A wandering mushroom (Lair:5)
  33 jumping spiders
  20 tyrant leeches
  7 trolls
  13 hornets
  2 polar bears
  Prince Ribbit (D:8)
  8 bog bodies
  9 raiju (Abyss:2)
  7 hippogriffs
  8 slime creatures
  41 redbacks
  4 flying skulls (Abyss:2)
  2 wyverns (Lair:4)
  A centaur simulacrum (D:14)
  7 spriggans
  66 yaks
  3 shadows
  13 starcursed masses (Abyss:2)
  24 tarantellas
  A hog (shapeshifter) (Elf:3)
  7 basilisks
  Eustachio (D:6)
  5 fire elementals
  A hungry ghost (D:14)
  7 wraiths
  8 steam dragons
  22 vampire mosquitoes
  A neqoxec (Abyss:2)
  Menkaure (D:6)
  5 wargs
  22 swamp worms
  8 insubstantial wisps
  21 soldier ants
  14 water moccasins
  An ice beast (shapeshifter) (Abyss:2)
  9 porcupines
  2 acid dragons
  A sky beast (D:5)
  A hornet zombie (D:15)
  41 orc warriors
  9 swamp drakes
  An eye of draining (D:12)
  5 black bears
  A meliai simulacrum (D:15)
  5 ice beasts
  2 phantoms
  12 ogres
  12 wolves
  3 centaurs
  7 necrophages (Swamp:1)
  2 small abominations (Abyss:2)
  7 crocodiles
  20 bullfrogs
  7 earth elementals
  A gnoll sergeant (D:3)
  4 wyvern skeletons
  5 scorpions
  10 wights
  19 killer bees
  7 electric eels
  A lava snake (Swamp:4)
  A crimson imp (D:9)
  3 centaur zombies
  16 jellies
  12 orc priests
  7 hounds
  2 bullfrog skeletons
  4 centaur skeletons
  Terence (D:2)
  Natasha (thrice) (D:2)
  4 iguanas
  31 orc wizards
  27 worker ants
  A killer bee zombie (D:7)
  3 gnolls (D:3)
  16 adders
  15 oozes
  An adder zombie (D:6)
  2 worms
  2 dart slugs
  7 leopard geckos
  111 orcs
  A ball python (D:1)
  8 bats
  5 giant cockroaches
  5 goblins
  14 hobgoblins
  9 jackals
  9 kobolds
  4 quokkas
  6 frilled lizards
  2 leopard gecko skeletons
  A quokka zombie (D:7)
  8 rats
  A spectral orc (D:7)
  A bush (Lair:2)
  2 crawling corpses (Elf:2)
  9 fungi
  A plant (Lair:6)
  3 starspawn tentacles (Abyss:2)
1340 creatures vanquished.

Vanquished Creatures (collateral kills)
  Rupert (Lair:4)
  An orc knight (D:14)
  2 wolf spiders
  2 cyclopes (D:14)
  2 trolls (D:14)
  A jumping spider (Spider:3)
  3 killer bees (D:9)
12 creatures vanquished.

Vanquished Creatures (others)
  An alligator (Swamp:3)
  A spriggan druid (Swamp:4)
  A lindwurm (Swamp:4)
  A deep elf mage (Elf:3)
  A wolf spider (Spider:2)
  A rime drake (Lair:6)
  3 steam dragons
  4 swamp drakes (Swamp:4)
  7 fungi
  2 plants
  9 starspawn tentacles (Abyss:2)
31 creatures vanquished.

Grand Total: 1383 creatures vanquished

Notes
Turn   | Place    | Note
-------+----------+-------------------------------------------
     0 | D:1      | dvd the Troll Berserker began the quest for the Orb.
     0 | D:1      | Reached XP level 1. HP: 22/22 MP: 0/0
   186 | D:1      | Reached XP level 2. HP: 29/29 MP: 1/1
   892 | D:2      | Noticed Natasha
   900 | D:2      | Killed Natasha
   900 | D:2      | Reached XP level 3. HP: 11/36 MP: 2/2
   953 | D:2      | Noticed Terence
   962 | D:2      | Killed Terence
   962 | D:2      | Reached XP level 4. HP: 43/44 MP: 3/3
  1115 | D:2      | Reached ** piety under Trog
  1227 | D:2      | Reached skill level 1 in Polearms
  1240 | D:2      | Noticed an orc warrior
  1323 | D:1      | Killed an orc warrior
  1323 | D:1      | Reached XP level 5. HP: 53/53 MP: 4/4
  1365 | D:2      | Reached XP level 6. HP: 45/61 MP: 5/5
  1504 | D:2      | Noticed Natasha
  1512 | D:2      | Killed Natasha
  1549 | D:2      | Found a stormy altar of Qazlal.
  1613 | D:2      | Noticed Natasha
  1621 | D:2      | Killed Natasha
  1930 | D:3      | Found a radiant altar of Vehumet.
  1941 | D:3      | Found a shadowy altar of Dithmenos.
  2337 | D:3      | Reached *** piety under Trog
  2411 | D:3      | Reached XP level 7. HP: 68/68 MP: 6/6
  2628 | D:3      | Found a deep blue altar of Sif Muna.
  2628 | D:3      | Found a glowing silver altar of Zin.
  3021 | D:4      | Reached skill level 1 in Throwing
  3411 | D:4      | Found a white marble altar of Elyvilon.
  3418 | D:4      | Found an ancient bone altar of Kikubaaqudgha.
  3657 | D:5      | Entered Level 5 of the Dungeon
  3830 | D:5      | Reached skill level 1 in Stealth
  3830 | D:5      | Reached XP level 8. HP: 54/78 MP: 7/7
  4212 | D:5      | Found a hide-covered altar of Uskayaw.
  4321 | D:5      | Found an iron altar of Okawaru.
  4424 | D:6      | Found a shimmering altar of Xom.
  4593 | D:6      | Reached **** piety under Trog
  4593 | D:6      | Reached skill level 5 in Polearms
  4611 | D:6      | Found an opulent altar of Gozag.
  4763 | D:6      | Noticed Menkaure
  4763 | D:6      | Noticed Eustachio
  4766 | D:6      | Killed Menkaure
  4796 | D:6      | Killed Eustachio
  4796 | D:6      | Reached skill level 1 in Shields
  4804 | D:6      | Found an ornate altar of the Wu Jian Council.
  5355 | D:7      | Found a basalt altar of Yredelemnul.
  5540 | D:7      | Noticed a hippogriff
  5608 | D:7      | Reached XP level 9. HP: 85/85 MP: 8/8
  5842 | D:7      | Found a staircase to the Ecumenical Temple.
  6041 | D:8      | Noticed a two-headed ogre
  6049 | D:8      | Killed a two-headed ogre
  6225 | D:8      | Noticed Erica
  6241 | D:8      | Killed Erica
  6241 | D:8      | Reached skill level 5 in Fighting
  6241 | D:8      | Reached skill level 5 in Dodging
  6241 | D:8      | Reached XP level 10. HP: 96/96 MP: 9/9
  6378 | D:8      | Noticed Prince Ribbit
  6454 | D:8      | Reached skill level 5 in Shields
  6514 | D:8      | Killed Prince Ribbit
  6555 | D:8      | Received a gift from Trog
  6634 | D:8      | Gained mutation: You expend magic power (3 MP) to
                  | strengthen your wands. [potion of mutation]
  6634 | D:8      | Gained mutation: Your system is resistant to poisons.
                  | (rPois) [potion of mutation]
  6634 | D:8      | Gained mutation: You are robust. (+10% HP) [potion of
                  | mutation]
  6634 | D:8      | Gained mutation: Your muscles are strong. (Str +2) [potion
                  | of mutation]
  6638 | D:8      | Lost intelligence.
  6657 | D:9      | Noticed a green ugly thing
  6670 | D:9      | Killed a white ugly thing
  6810 | D:9      | Reached ***** piety under Trog
  6827 | D:9      | Received a gift from Trog
  7147 | D:9      | Found a sparkling altar of Nemelex Xobeh.
  7322 | D:9      | Found a staircase to the Lair.
  7690 | D:10     | Entered Level 10 of the Dungeon
  7731 | D:10     | Got a steaming spear
  7737 | D:10     | Identified the +8 spear of War {protect, rElec Int+4} (You
                  | found it on level 10 of the Dungeon)
  7764 | D:10     | Noticed a gargoyle
  7796 | D:10     | Killed a gargoyle
  7796 | D:10     | Reached XP level 11. HP: 75/114 MP: 10/10
  8199 | D:10     | Reached skill level 1 in Armour
  8530 | D:11     | Received a gift from Trog
  8608 | D:11     | Noticed Psyche
  8615 | D:11     | Killed Psyche
  8835 | D:11     | Noticed a two-headed ogre
  8840 | D:11     | Killed a two-headed ogre
  8887 | D:11     | Reached skill level 5 in Throwing
  8947 | D:11     | Reached skill level 1 in Axes
  9119 | D:11     | Reached skill level 2 in Axes
  9148 | D:11     | Found the +6 lightning scales {run, rElec}
  9495 | D:12     | Noticed a deep elf mage
  9500 | D:12     | Killed a deep elf mage
  9523 | D:12     | Noticed a seven-headed hydra
  9536 | D:12     | Killed a one-headed hydra
  9536 | D:12     | Reached skill level 3 in Axes
  9580 | D:12     | Noticed a five-headed hydra
  9588 | D:12     | Killed a two-headed hydra
  9684 | D:12     | Received a gift from Trog
  9773 | D:12     | Noticed Nergalle
  9794 | D:12     | Killed Nergalle
  9794 | D:12     | Reached XP level 12. HP: 69/124 MP: 11/11
  9827 | D:12     | Noticed a seven-headed hydra
  9873 | D:12     | Killed a one-headed hydra
  9931 | D:12     | Reached skill level 4 in Axes
  9956 | D:12     | Found a white marble altar of Elyvilon.
  9956 | D:12     | Found a runed translucent door.
  9956 | D:12     | Noticed an angel
 10042 | D:12     | Noticed an eight-headed hydra
 10057 | D:12     | Killed a four-headed hydra
 10261 | D:12     | Noticed a two-headed ogre
 10265 | D:12     | Killed a two-headed ogre
 10265 | D:12     | Received a gift from Trog
 10265 | D:12     | Reached skill level 5 in Axes
 10268 | D:12     | Got a brightly glowing broad axe {god gift}
 10269 | D:12     | Identified the +0 broad axe "Ciarph" {chop, +Inv rPois
                  | Dex-5} (Trog gifted it to you on level 12 of the Dungeon)
 10306 | D:12     | Found a staircase to the Orcish Mines.
 10711 | Lair:1   | Entered Level 1 of the Lair of Beasts
 10994 | Lair:1   | Noticed a five-headed hydra
 11000 | Lair:1   | Killed a five-headed hydra
 11548 | Lair:2   | Got a smoking dagger
 11549 | Lair:2   | Identified the cursed +1 dagger "Xuphovvi" {vamp, Fragile
                  | MR+ Int+4 Stlth+} (You found it on level 2 of the Lair of
                  | Beasts)
 11584 | Lair:2   | Reached skill level 6 in Axes
 12092 | Lair:2   | Found a runed translucent door.
 12092 | Lair:2   | Noticed lepoulpe303's ghost (journeyman HOMo)
 12116 | Lair:2   | Killed lepoulpe303's ghost
 12116 | Lair:2   | Reached XP level 13. HP: 135/135 MP: 12/12
 12197 | Lair:2   | Got a polished long sword
 12198 | Lair:2   | Identified the +6 long sword "Azuown" {slice, *Rage rN+
                  | Int+4} (You found it on level 2 of the Lair of Beasts)
 12319 | Lair:3   | Found a hole to the Spider Nest.
 12709 | Lair:3   | Found a staircase to the Swamp.
 13389 | Lair:4   | Reached skill level 7 in Axes
 13459 | Lair:4   | Noticed Sonja
 13466 | Lair:4   | Received a gift from Trog
 13487 | Lair:4   | Killed Sonja
 13516 | Lair:4   | Reached skill level 10 in Shields
 13743 | Lair:4   | Noticed Rupert
 13749 | Lair:4   | Paralysed by Rupert for 7 turns
 13775 | Lair:4   | Killed Rupert
 14051 | Lair:5   | Received a gift from Trog
 14052 | Lair:5   | Got a pitted spear {god gift}
 14076 | Lair:5   | Identified the +3 spear of the Badger {freeze, rElec Dex+3
                  | Stlth+} (Trog gifted it to you on level 5 of the Lair of
                  | Beasts)
 14118 | Lair:5   | Found an ornate altar of the Wu Jian Council.
 14171 | Lair:5   | Reached skill level 8 in Axes
 14883 | Lair:6   | Entered Level 6 of the Lair of Beasts
 14895 | Lair:6   | Reached XP level 14. HP: 146/146 MP: 13/13
 15027 | Lair:6   | Reached skill level 9 in Axes
 15683 | Lair:6   | Found a staircase to the Slime Pits.
 15683 | Lair:6   | Found a viscous altar of Jiyva.
 15720 | Lair:6   | Noticed Urug
 15732 | Lair:6   | Killed Urug
 16004 | Lair:6   | Identified the Grimoire of Assistive Transformation
 16324 | Orc:1    | Entered Level 1 of the Orcish Mines
 16344 | Orc:1    | Received a gift from Trog
 16369 | Orc:1    | Reached skill level 10 in Axes
 16418 | Orc:1    | Gained mutation: You are dopey. (Int -2) [a neqoxec]
 16421 | Orc:1    | Reached ****** piety under Trog
 16421 | Orc:1    | Received a gift from Trog
 16421 | Orc:1    | Gained mutation: Potions are less effective at restoring
                  | your health. [a neqoxec]
 16537 | Orc:1    | Received a gift from Trog
 16732 | Orc:1    | Paralysed by an orc sorcerer for 4 turns
 16812 | Orc:2    | Entered Level 2 of the Orcish Mines
 16812 | Orc:2    | Found a staircase to the Elven Halls.
 17016 | Orc:2    | Received a gift from Trog
 17032 | Orc:2    | Noticed Saint Roka
 17055 | Orc:2    | Killed Saint Roka
 17274 | Orc:2    | Received a gift from Trog
 17382 | Orc:2    | Found a roughly hewn altar of Beogh.
 17474 | Orc:2    | Found Qurrir's Antique Weapon Shop.
 17482 | Orc:2    | Found Miegin's Antique Armour Boutique.
 17495 | Orc:2    | Found a roughly hewn altar of Beogh.
 17570 | Orc:2    | Found a roughly hewn altar of Beogh.
 17571 | Orc:2    | Found Irphuytech's Antique Weapon Shoppe.
 17679 | Orc:2    | Found a roughly hewn altar of Beogh.
 17681 | Orc:2    | Received a gift from Trog
 17692 | Orc:2    | Got a fine spear {god gift}
 17693 | Orc:2    | Identified the +9 spear of the Chain {speed, +Fly Str+2
                  | Dex-3} (Trog gifted it to you on level 2 of the Orcish
                  | Mines)
 17735 | Orc:2    | Found a roughly hewn altar of Beogh.
 17799 | Orc:2    | Found a roughly hewn altar of Beogh.
 17799 | Orc:2    | Found Eqaisaq's Assorted Antiques.
 17912 | D:13     | Reached XP level 15. HP: 157/157 MP: 14/14
 17967 | D:13     | Reached skill level 11 in Axes
 18210 | D:13     | Found a gate to the Vaults.
 18664 | D:14     | Received a gift from Trog
 19077 | D:14     | Received a gift from Trog
 19375 | D:15     | Entered Level 15 of the Dungeon
 19623 | D:15     | Found a staircase to the Depths.
 19924 | D:15     | Received a gift from Trog
 20062 | D:15     | Received a gift from Trog
 20424 | Spider:1 | Entered Level 1 of the Spider Nest
 20740 | Spider:1 | You fall through a shaft!
 20742 | Spider:2 | Reached skill level 12 in Axes
 20991 | Spider:1 | Noticed Josephine
 20998 | Spider:1 | Killed Josephine
 21467 | Spider:2 | Reached XP level 16. HP: 121/171 MP: 15/15
 21671 | Orc:2    | Bought glowing storm dragon scales for 2656 gold pieces
 22279 | Spider:3 | Reached skill level 5 in Armour
 22438 | Spider:3 | Received a gift from Trog
 23343 | Spider:4 | Entered Level 4 of the Spider Nest
 23769 | Spider:4 | Received a gift from Trog
 23801 | Spider:4 | Reached skill level 13 in Axes
 24311 | Spider:4 | Identified the +0 helmet of the Tarantula {rF+} (You found
                  | it on level 4 of the Spider Nest)
 24600 | Spider:4 | Paralysed by a hornet for 1 turns
 24609 | Spider:4 | Reached skill level 10 in Fighting
 24616 | Spider:4 | Reached XP level 17. HP: 182/182 MP: 16/16
 24659 | Spider:4 | Got a gossamer rune of Zot
 24865 | Swamp:1  | Entered Level 1 of the Swamp
 25007 | Swamp:1  | Received a gift from Trog
 25021 | Swamp:1  | Found a shattered altar of Ashenzari.
 25218 | Swamp:1  | Received a gift from Trog
 26014 | Swamp:2  | You fall through a shaft!
 26029 | Swamp:3  | Received a gift from Trog
 26038 | Swamp:3  | Got a fine executioner's axe {god gift}
 26039 | Swamp:3  | Identified the +5 executioner's axe "Ziugg" {flame, Str+7}
                  | (Trog gifted it to you on level 3 of the Swamp)
 26909 | Swamp:2  | Identified the cursed +1 flail of Watchfulness {drain,
                  | rElec rF+ MR++ Stlth+} (You found it on level 2 of the
                  | Swamp)
 27417 | Swamp:4  | Entered Level 4 of the Swamp
 27429 | Swamp:4  | Reached skill level 14 in Axes
 27813 | Swamp:4  | Received a gift from Trog
 28089 | Swamp:4  | Reached skill level 1 in Evocations
 28151 | Swamp:4  | Got a decaying rune of Zot
 28304 | Swamp:4  | Received a gift from Trog
 28894 | Elf:1    | Entered Level 1 of the Elven Halls
 28898 | Elf:1    | Reached XP level 18. HP: 193/193 MP: 17/17
 29089 | Elf:1    | Noticed Donald
 29102 | Elf:1    | Killed Donald
 29792 | Elf:1    | Received a gift from Trog
 30979 | Elf:2    | Received a gift from Trog
 31191 | Elf:2    | Received a gift from Trog
 31207 | Elf:2    | Reached skill level 15 in Axes
 31215 | Elf:2    | Found a runed translucent gate.
 31215 | Elf:2    | Found a runed translucent gate.
 31215 | Elf:2    | Found a runed translucent gate.
 31779 | Elf:2    | Received a gift from Trog
 31782 | Elf:2    | Got a faintly glowing trident {god gift}
 31783 | Elf:2    | Identified the +2 trident of Vanity {pierce, *Noise Str+6}
                  | (Trog gifted it to you on level 2 of the Elven Halls)
 32000 | Elf:3    | Entered Level 3 of the Elven Halls
 32028 | Elf:3    | Found Liulitzu's One-of-a-Kind Books.
 32158 | Elf:3    | Reached skill level 10 in Throwing
 32186 | Elf:3    | Reached XP level 19. HP: 203/203 MP: 18/18
 32262 | Elf:3    | Cast into level 2 of the Abyss (a deep elf demonologist)
 32278 | Abyss:2  | Paralysed by you for 5 turns
 32451 | Abyss:2  | Received a gift from Trog
 32682 | Abyss:2  | Paralysed by accursed screaming for 1 turns
 32688 | Abyss:2  | Received a gift from Trog
 32716 | Abyss:2  | Gained mutation: Your magical capacity is low. (-10% MP) [a
                  | neqoxec]
 32719 | Abyss:2  | Gained mutation: You are occasionally teleported next to
                  | monsters. [a neqoxec]
 32745 | Elf:3    | Escaped the Abyss
 32974 | Elf:2    | Lost mutation: You expend magic power (3 MP) to strengthen
                  | your wands. [potion of mutation]
 32974 | Elf:2    | Lost mutation: Your muscles are strong. (Str +2) [potion of
                  | mutation]
 32974 | Elf:2    | Lost mutation: Your system is resistant to poisons. (rPois)
                  | [potion of mutation]
 32974 | Elf:2    | Gained mutation: You are partially covered in rugged brown
                  | scales. (AC +1, +3% HP) [potion of mutation]
 32974 | Elf:2    | Gained mutation: You are agile. (Dex +2) [potion of
                  | mutation]
 32975 | Elf:2    | Lost mutation: You are partially covered in rugged brown
                  | scales. (AC +1, +3% HP) [potion of mutation]
 32975 | Elf:2    | Lost mutation: Potions are less effective at restoring your
                  | health. [potion of mutation]
 32975 | Elf:2    | Lost mutation: You are occasionally teleported next to
                  | monsters. [potion of mutation]
 32975 | Elf:2    | Lost mutation: You are robust. (+10% HP) [potion of
                  | mutation]
 32975 | Elf:2    | Gained mutation: You are very agile. (Dex +4) [potion of
                  | mutation]
 33269 | Elf:3    | Noticed Bai Suzhen
 33281 | Elf:3    | Killed Bai Suzhen
 33330 | Elf:3    | Found Lunui's Assorted Antiques.
 33362 | Elf:3    | Killed from afar by a deep elf death mage

Skill      XL: |  1  2  3  4  5  6  7  8  9 10 11 12 13 14 15 16 17 18 |
---------------+-------------------------------------------------------+-----
Maces & Flails | 3 4 |  4.1
Dodging        | 3 4 5 6 7 8 9 |  9.1
Fighting       | 3 4 5 6 7 8 9 10 11 | 11.4
Polearms       | 1 2 4 5 6 7 8 |  8.5
Throwing       | 2 3 4 6 7 8 10 | 10.1
Stealth        | 1 2 3 |  3.8
Shields        | 2 4 6 8 9 10 11 12 13 14 | 14.8
Armour         | 2 3 4 6 7 8 |  8.2
Axes           | 3 6 8 10 12 13 14 15 | 15.7
Evocations     | 1 |  1.0

Action                   |  1- 3 |  4- 6 |  7- 9 | 10-12 | 13-15 | 16-18 | 19-21 || total
-------------------------+-------+-------+-------+-------+-------+-------+-------++-------
Melee: Mace              |    86 |     4 |       |       |       |       |       ||    90
       Trident           |       |   129 |   222 |   315 |    38 |       |       ||   704
       Spear             |       |       |       |    25 |       |       |       ||    25
       Broad axe         |       |       |       |   173 |   849 |  1145 |   210 ||  2377
       War axe           |       |       |       |    52 |    13 |   155 |       ||   220
Throw: Javelin           |       |    15 |    41 |    40 |     2 |    39 |       ||   137
       Tomahawk          |       |       |       |    71 |    82 |       |     2 ||   155
       Large rock        |       |       |       |    84 |   199 |   243 |    16 ||   542
Invok: Berserk           |     2 |     2 |     3 |    11 |    13 |    12 |     3 ||    46
       Trog's Hand       |       |       |     1 |     1 |     3 |    11 |     4 ||    20
       Brothers in Arms  |       |       |       |     1 |     3 |     2 |       ||     6
Evoke: Wand              |       |       |       |       |    12 |     7 |       ||    19
  Use: Scroll            |       |       |     3 |    14 |    14 |    12 |     5 ||    48
       Potion            |       |       |       |    11 |     3 |     8 |     4 ||    26
 Stab: Sleeping          |       |       |     8 |     8 |     5 |       |       ||    21
       Distracted        |       |       |     1 |     1 |       |     1 |       ||     3
       Petrified         |       |       |       |       |     7 |       |       ||     7
       Petrifying        |       |       |       |       |     1 |       |     1 ||     2
  Eat: Chunk             |    13 |    19 |    37 |    65 |   101 |   117 |    14 ||   366
       Ration            |       |       |       |     1 |       |     2 |       ||     3
Armor: Animal skin       |    48 |    30 |       |       |       |       |       ||    78
       Robe              |       |    31 |    77 |    24 |       |       |       ||   132
       Troll leather arm |       |       |       |   104 |       |       |       ||   104
       Acid dragon scale |       |       |       |    67 |   346 |     6 |       ||   419
       Storm dragon scal |       |       |       |       |       |   992 |    62 ||  1054
Dodge: Dodged            |    65 |    91 |    68 |   146 |   309 |   492 |    56 ||  1227
Block: Large shield      |       |       |   101 |   521 |  1019 |  1681 |   147 ||  3469
